 Dungeon Crawl Stone Soup version 0.19.0-2-gae57169 (webtiles) character file.

56 ufetubus the Ogre Mage (level 3, 0/37 HPs)
             Began as an Ogre Wizard on Nov 5, 2016.
             Succumbed to an adder's poison
             ... on level 2 of the Dungeon.
             The game lasted 00:05:12 (1217 turns).

ufetubus the Ogre Mage (Ogre Wizard)                Turns: 1217, Time: 00:05:12

Health: 0/37       AC:  3    Str: 12    XL:     3   Next: 97%
Magic:  7/8        EV: 10    Int: 18    God:
Gold:   41         SH:  0    Dex:  8    Spells: 1 memorised, 9 levels left

rFire  . . .     SeeInvis .     f - +0 flail
rCold  . . .     Gourm    .     a - +0 robe
rNeg   . . .     Faith    .     (no shield)
rPois  .         Spirit   .     b - +0 hat
rElec  .         Reflect  .     (no cloak)
rCorr  .         Harm     .     (gloves unavailable)
MR     .....                    (boots unavailable)
Stlth  +.........               (no amulet)
                                (no ring)
                                (no ring)

@: lethally poisoned (0 -> -13)
A: unfitting armour, tough skin 1
a: no special abilities


You were on level 2 of the Dungeon.
You were not hungry.

You visited 1 branch of the dungeon, and saw 2 of its levels.

You collected 41 gold pieces.

Inventory:

Hand Weapons
 e - a +0 whip
 f - a +0 flail (weapon)
Armour
 a - a +0 robe (worn)
 b - a +0 hat (worn)
Scrolls
 h - a scroll of amnesia {unknown}
 j - a scroll of remove curse {unknown}
 k - a scroll of recharging {unknown}
Books
 c - a book of Minor Magic

   Spells                             Type                      Level
   a - Magic Dart                     Conjuration                  1
   b - Blink                          Translocation                2
   c - Call Imp                       Summoning                    2
   d - Repel Missiles                 Charms/Air                   2
   e - Slow                           Hexes                        2
   f - Conjure Flame                  Conjuration/Fire             3
   g - Mephitic Cloud                 Conjuration/Poison/Air       3
Comestibles
 d - a bread ration
 g - 5 chunks of flesh
 i - a meat ration


   Skills:
 + Level 3.0 Fighting
 * Level 2.1 Maces & Flails
 - Level 1.7 Dodging
 - Level 1.4 Stealth
 + Level 4.1 Spellcasting
 - Level 0.6 Conjurations
   Level 0.6 Summonings
   Level 0.6 Translocations


You had 9 spell levels left.
You knew the following spells:

 Your Spells              Type           Power        Failure   Level  Hunger
a - Magic Dart            Conj           #...         12%         1    None


Dungeon Overview and Level Annotations

Branches:
Dungeon (2/15)

Altars:
Cheibriados


Innate Abilities, Weirdness & Mutations

You are too large for most types of armour.
You have tough skin. (AC +1)


Message History

The adder poisons you! The adder barely misses you.
You miss the adder.
The adder is severely wounded.
* * * LOW HITPOINT WARNING * * *
You feel sick. The adder bites you.
* * * LOW HITPOINT WARNING * * *
The adder bites you.
* * * LOW HITPOINT WARNING * * *
You are more poisoned.
The adder poisons you!
Your magical contamination has completely faded away.
You barely miss the adder.
The adder is severely wounded.
* * * LOW HITPOINT WARNING * * *
You feel sick. The adder barely misses you.
You hit the adder.
You kill the adder!
Your Fighting skill increases to level 3!
Your Maces & Flails skill increases to level 2!
You die...

#. #.# .#. #.#
##.#. #####.#
............###
#..#...........
#..#..#####.#..
#..#..# #.#..
#.########..#..#
#....
#.....!@....#..#
#.##.
##########..#..#
#....
#..#..#####.##.
#..#...)....##.
#.......###....
#.###.#........
#..............
###############


There were no monsters in sight!

Vanquished Creatures
  A gnoll (D:1)
  An adder (D:2)
  2 leopard geckos (D:1)
  A ball python (D:1)
  A giant cockroach (D:1)
  6 goblins
  6 hobgoblins
  3 jackals (D:1)
  6 kobolds (D:1)
  A frilled lizard (D:2)
  5 rats (D:1)
33 creatures vanquished.

Notes
Turn   | Place    | Note
-------+----------+-------------------------------------------
     0 | D:1      | ufetubus the Ogre Wizard began the quest for the Orb.
     0 | D:1      | Reached XP level 1. HP: 16/16 MP: 5/5
   152 | D:1      | Reached skill level 1 in Fighting
   249 | D:1      | Reached XP level 2. HP: 14/28 MP: 0/6
   498 | D:1      | Reached skill level 4 in Spellcasting
   524 | D:1      | Reached skill level 1 in Maces & Flails
   534 | D:1      | Reached XP level 3. HP: 30/36 MP: 3/8
   551 | D:1      | Found a snail-covered altar of Cheibriados.
  1216 | D:2      | HP: 1/36 [poisoned by an adder]
  1217 | D:2      | Succumbed to an adder's poison

Skill      XL: |  1  2  3 |
---------------+----------+-----
Fighting       | 2 3 |  3.0
Spellcasting   | 4 |  4.1
Maces & Flails | 1 2 |  2.1
Dodging        | |  1.7
Stealth        | |  1.4
Conjurations   | |  0.6
Summonings     | |  0.6
Translocations | |  0.6

Action                   || total
-------------------------++-------
Melee: Unarmed           ||    13
       Flail             ||    68
 Cast: Magic Dart        ||    39
 Stab: Sleeping          ||     1
  Eat: Chunk             ||     1
Armor: Robe              ||    16
Dodge: Dodged            ||    45
